 Dungeon Crawl Stone Soup version 0.23.2-40-g277498a001 (webtiles) character file.

Game seed: 15352802425381735017

2297377 GordonOverkill the Conqueror (level 27, 355/355 HPs)
             Began as an Ogre Fighter on Oct 22, 2019.
             Was the Champion of Okawaru.
             Escaped with the Orb
             ... and 4 runes on Oct 23, 2019!
             The game lasted 03:07:44 (77791 turns).

GordonOverkill the Conqueror (Ogre Fighter)        Turns: 77791, Time: 03:07:44

Health: 355/355    AC: 50    Str: 26    XL:     27
Magic:  31/31      EV: 20    Int:  9    God:    Okawaru [******]
Gold:   5783       SH: 24    Dex: 17    Spells: 36/36 levels left

rFire    + + .     SeeInvis .   a - +9 eveningstar (venom)
rCold    + . .     Gourm    .   y - +0 large shield {rF+}
rNeg     + . .     Faith    .   X - +12 gold dragon scales
rPois    +         Spirit   +   i - +2 hat of the Bear Spirit {Spirit, +Rage rN+ MR++}
rElec    .         Reflect  .   F - +1 cloak "Koepool" {-Cast Slay+5}
rCorr    .         Harm     .   (gloves unavailable)
MR       ++++.     NoCast   +   (boots unavailable)
Stlth    ..........             S - amulet of regeneration
HPRegen  1.09/turn              N - +6 ring of protection
MPRegen  0.22/turn              c - ring of Phasing {EV+8}

@: no status effects
A: large, unfitting armour, low mp 1, robust 1, tough skin 1, weak 1
0: Orb of Zot
}: 4/15 runes: serpentine, barnacled, slimy, silver
a: Heroism, Finesse, Renounce Religion, Evoke Berserk Rage


You escaped.
You worshipped Okawaru.
Okawaru was exalted by your worship.
You were completely stuffed.

You visited 12 branches of the dungeon, and saw 58 of its levels.
You also visited: Ossuary and Gauntlet.

You collected 9562 gold pieces.
You spent 3779 gold pieces at shops.

Inventory:

Hand Weapons
 a - a +9 eveningstar of venom (weapon)
 b - the +5 demon whip "Spellbinder" {antimagic, MR+}
   (You found it on level 4 of the Dungeon)

   It reduces the magical energy of the wielder, and disrupts the spells and
   magical abilities of those hit.
   Natural abilities and divine invocations are not affected.
   It affects your resistance to hostile enchantments.
 w - a +5 sacred scourge of holy wrath
Missiles
 n - 116 large rocks
 A - 7 throwing nets (quivered)
Armour
 i - the +2 hat of the Bear Spirit (worn) {Spirit, +Rage rN+ MR++}
   (Okawaru gifted it to you on level 4 of the Vaults)

   It protects you from negative energy.
   It affects your resistance to hostile enchantments.
   It lets you go berserk.
 y - a +0 large shield of fire resistance (worn)
 F - the +1 cloak "Koepool" (worn) {-Cast Slay+5}
   (You found it on level 6 of the Dungeon)

   It affects your accuracy and damage with ranged weapons and melee attacks
   (+5).
   It prevents spellcasting.
 T - the +3 shield "Tej Ciss" {rElec}
   (Okawaru gifted it to you on level 4 of the Lair of Beasts)

   It insulates you from electricity.
 X - +12 gold dragon scales (worn)
Jewellery
 c - the ring of Phasing (right hand) {EV+8}
   (You found it on level 3 of the Elven Halls)

   [ring of evasion]

   It affects your evasion (+8).
 k - the ring "Yzoro" {+Fly MR++ Str+3 Int+3 SInv}
   (You found it on level 13 of the Dungeon)

   [ring of flight]

   It affects your strength (+3).
   It affects your intelligence (+3).
   It affects your resistance to hostile enchantments.
   It lets you see invisible.
   It lets you fly.
 m - the ring "Syemmua" {rF+ MR+ Stlth+}
   (You acquired it on level 5 of the Pits of Slime)

   [ring of protection from fire]

   It protects you from fire.
   It affects your resistance to hostile enchantments.
   It makes you more stealthy.
 N - a +6 ring of protection (left hand)
 S - an amulet of regeneration (around neck)
Wands
 o - a wand of scattershot (7)
 s - a wand of polymorph (10)
 z - a wand of digging (17)
 D - a wand of acid (57)
 I - a wand of paralysis (8)
 W - a wand of iceblast (49)
Scrolls
 d - 19 scrolls of identify
 u - 5 scrolls of magic mapping
 v - 35 scrolls of remove curse
 x - 4 scrolls of silence
 B - 4 scrolls of blinking
 C - 12 scrolls of fog
 G - 5 scrolls of fear
 R - 30 scrolls of teleportation
Potions
 g - 4 potions of mutation
 h - 15 potions of heal wounds
 j - 5 potions of cancellation
 l - 39 potions of curing
 p - 6 potions of agility
 q - 8 potions of berserk rage
 r - 6 potions of invisibility
 H - 13 potions of haste
 J - 4 potions of magic
 K - 5 potions of ambrosia
 P - 11 potions of might
 Q - 9 potions of flight
Miscellaneous
 t - a lamp of fire
 M - 4 phantom mirrors
 V - a phial of floods
Comestibles
 e - 78 rations


   Skills:
 O Level 27 Fighting
 - Level 20.0 Maces & Flails
 O Level 27 Armour
 + Level 14.0 Dodging
 - Level 20.0 Shields
 - Level 5.0 Spellcasting
 - Level 16.0 Invocations
 - Level 10.0 Evocations


You had 36 spell levels left.
You didn't know any spells.
Your spell library contained the following spells:

 Spells                   Type           Power        Failure   Level  Hunger
 Animate Skeleton         Necr           N/A          85%         1    #......
 Beastly Appendage        Tmut           #.....       85%         1    #......
 Confusing Touch          Hex            #.....       85%         1    #......
 Corona                   Hex            #......      85%         1    #......
 Flame Tongue             Conj/Fire      #....        85%         1    #......
 Freeze                   Ice            #...         85%         1    #......
 Infusion                 Chrm           #...         85%         1    #......
 Magic Dart               Conj           #...         85%         1    #......
 Pain                     Necr           #...         85%         1    #......
 Sandblast                Erth           #.....       85%         1    #......
 Shock                    Conj/Air       #...         85%         1    #......
 Sting                    Conj/Pois      #...         85%         1    #......
 Summon Small Mammal      Summ           #...         85%         1    #......
 Blink                    Tloc           N/A          94%         2    ##.....
 Call Imp                 Summ           #.......     94%         2    ##.....
 Corpse Rot               Necr           N/A          94%         2    ##.....
 Ensorcelled Hibernation  Hex/Ice        #.....       94%         2    ##.....
 Passwall                 Tmut/Erth      #.......     94%         2    ##.....
 Poisonous Vapours        Pois/Air       #.....       94%         2    ##.....
 Searing Ray              Conj           #.....       94%         2    ##.....
 Shroud of Golubria       Chrm/Tloc      #.........   94%         2    ##.....
 Slow                     Hex            #.......     94%         2    ##.....
 Song of Slaying          Chrm           #.......     94%         2    ##.....
 Sticks to Snakes         Tmut           #.......     94%         2    ##.....
 Sublimation of Blood     Necr           #.........   94%         2    ##.....
 Swiftness                Chrm/Air       #.......     94%         2    ##.....
 Throw Flame              Conj/Fire      #.....       94%         2    ##.....
 Call Canine Familiar     Summ           #.......     99%         3    ###....
 Confuse                  Hex            #.......     99%         3    ###....
 Conjure Flame            Conj/Fire      #.......     99%         3    ###....
 Dazzling Spray           Conj/Hex       #.....       99%         3    ###....
 Gell's Gravitas          Tloc           #.........   99%         3    ###....
 Ignite Poison            Fire/Tmut/Pois #.......     99%         3    ###....
 Lesser Beckoning         Tloc           #.........   99%         3    ###....
 Mephitic Cloud           Conj/Pois/Air  #.......     99%         3    ###....
 Portal Projectile        Hex/Tloc       #.....       99%         3    ###....
 Regeneration             Chrm/Necr      #.........   99%         3    ###....
 Spectral Weapon          Hex/Chrm       #.......     99%         3    ###....
 Spider Form              Tmut/Pois      #.........   99%         3    ###....
 Static Discharge         Conj/Air       #.......     99%         3    ###....
 Stone Arrow              Conj/Erth      #.....       99%         3    ###....
 Summon Guardian Golem    Hex/Summ       #.......     99%         3    ###....
 Teleport Other           Tloc           #.......     99%         3    ###....
 Tukima's Dance           Hex            #.......     99%         3    ###....
 Vampiric Draining        Necr           #.........   99%         3    ###....
 Airstrike                Air            #.........   100%        4    #####..
 Animate Dead             Necr           N/A          100%        4    #####..
 Cause Fear               Hex            #.........   100%        4    #####..
 Force Lance              Conj/Tloc      #.......     100%        4    #####..
 Fulminant Prism          Conj/Hex       #.........   100%        4    #####..
 Ice Form                 Ice/Tmut       #.......     100%        4    #####..
 Iskenderun's Mystic Bla  Conj           #.......     100%        4    #####..
 Leda's Liquefaction      Hex/Erth       #.........   100%        4    #####..
 Olgreb's Toxic Radiance  Pois           #.......     100%        4    #####..
 Petrify                  Tmut/Erth      #.......     100%        4    #####..
 Sticky Flame             Conj/Fire      #.......     100%        4    #####..
 Summon Ice Beast         Ice/Summ       #.......     100%        4    #####..
 Summon Lightning Spire   Summ/Air       #.......     100%        4    #####..
 Throw Icicle             Conj/Ice       #.......     100%        4    #####..
 Agony                    Necr           #.......     100%        5    ######.
 Blade Hands              Tmut           #.........   100%        5    ######.
 Bolt of Draining         Conj/Necr      #.........   100%        5    ######.
 Bolt of Magma            Conj/Fire/Erth #.........   100%        5    ######.
 Borgnjor's Vile Clutch   Necr/Erth      #.........   100%        5    ######.
 Dispel Undead            Necr           #.......     100%        5    ######.
 Excruciating Wounds      Chrm/Necr      #.........   100%        5    ######.
 Fireball                 Conj/Fire      #.........   100%        5    ######.
 Iskenderun's Battlesphe  Conj/Chrm      #.......     100%        5    ######.
 Lee's Rapid Deconstruct  Erth           #.........   100%        5    ######.
 Lightning Bolt           Conj/Air       #.........   100%        5    ######.
 Metabolic Englaciation   Hex/Ice        #.........   100%        5    ######.
 Silence                  Hex/Air        #.........   100%        5    ######.
 Venom Bolt               Conj/Pois      #.........   100%        5    ######.
 Yara's Violent Unravell  Hex/Tmut       #.........   100%        5    ######.
 Bolt of Cold             Conj/Ice       #.........   100%        6    #######
 Bolt of Fire             Conj/Fire      #.........   100%        6    #######
 Darkness                 Hex            #.........   100%        6    #######
 Deflect Missiles         Chrm/Air       #.........   100%        6    #######
 Freezing Cloud           Conj/Ice/Air   #.........   100%        6    #######
 Invisibility             Hex            #.......     100%        6    #######
 Iron Shot                Conj/Erth      #.........   100%        6    #######
 Ozocubu's Refrigeration  Ice            #.........   100%        6    #######
 Shadow Creatures         Summ           N/A          100%        6    #######
 Simulacrum               Ice/Necr       #.........   100%        6    #######
 Statue Form              Tmut/Erth      #........    100%        6    #######
 Dragon Form              Tmut           #.........   100%        7    #######
 Haunt                    Necr/Summ      #.........   100%        7    #######
 Orb of Destruction       Conj           #.........   100%        7    #######
 Ring of Flames           Chrm/Fire      #.........   100%        7    #######
 Spellforged Servitor     Conj/Summ      #.........   100%        7    #######
 Borgnjor's Revivificati  Necr           #.........   100%        8    #######
 Death's Door             Chrm/Necr      #.........   100%        8    #######
 Discord                  Hex            #.........   100%        8    #######
 Ignition                 Fire           #.........   100%        8    #######
 Infestation              Necr           #.........   100%        8    #######
 Necromutation            Tmut/Necr      #.........   100%        8    #######
 Dragon's Call            Summ           #.........   100%        9    #######
 Shatter                  Erth           #.........   100%        9    #######
 Tornado                  Air            #.........   100%        9    #######
 Passage of Golubria      Tloc           Unusable     N/A         4    N/A

Dungeon Overview and Level Annotations

Branches:
Dungeon (15/15)            Temple (1/1) D:4            Lair (6/6) D:9
 Shoals (4/4) Lair:2        Snake (4/4) Lair:3        Slime (5/5) Lair:5
    Orc (2/2) D:12            Elf (3/3) Orc:2        Vaults (5/5) D:13
  Crypt (3/3) Vaults:2       Tomb (0/3) Crypt:3      Depths (5/5) D:15
    Zot (5/5) Depths:5

Altars:
Ashenzari
Cheibriados
Dithmenos
Elyvilon
Fedhas
Gozag
Hepliaklqana
Kikubaaqudgha
Nemelex Xobeh
Okawaru
Ru
Sif Muna
Trog
Vehumet
Wu Jian
Xom
Yredelemnul
Zin
The Shining One
Jiyva

Shops:
D:11 *   D:14 ?   Orc:2 %(!(   Snake:1 [![*   Vaults:2 ![*[*   Vaults:3 *
Depths:1 !

Portals:
Hell: Depths:1 Depths:2 Depths:3 Depths:4 Depths:5
Abyss: Depths:4
Pandemonium: Depths:3
Ziggurat: Depths:1

Annotations:
D:10 2 runed translucent doors
Abyss:1 Aizul


Innate Abilities, Weirdness & Mutations

You are too large for most types of armour.
You have tough skin. (AC +1)
Your magical capacity is low. (-10% MP)
You are robust. (+10% HP)
You are weak. (Str -2)


Message History

You closely miss the Orb Guardian.
The Orb Guardian is severely wounded.
The Orb Guardian barely misses you.
You bludgeon the Orb Guardian!!
The Orb Guardian is almost dead.
You block the Orb Guardian's attack.
You impale the Orb Guardian!!
You kill the Orb Guardian!
Okawaru accepts your kill.
Your Dodging skill increases to level 14!
No target in view!
No target in view!
(D) Dungeon (T) Temple (L) Lair (A) Shoals (P) Snake Pit (M) Slime Pits (O) Orcish Mines (E) Elven Halls (V) Vaults (C) Crypt (W) Tomb (U) Depths (H) Hell (Z) Zot
Where to? (Enter - D:1 @ (x,y), ? - help) HP restored.
There is a staircase leading out of the dungeon here.
You have escaped!

########§§≈§≈§###.#.#.≈......
#......§§.≈...#.#.#.≈###.##
#########.≈≈≈.#.#.#.≈# #.#
#...........≈...#.#.≈###.##
#.###.§≈≈≈§.§≈§.#.§§≈......
#.#...≈...§...≈.#.≈≈§#.....
###.≈≈≈.≈.≈≈≈.≈.#.≈§##.....
#...≈...≈.....§...§.##....#
#.≈≈§.≈≈§.@.≈≈≈.§≈≈.#.....#
#§≈...≈.....≈...≈...#######
##.≈.#.≈.≈≈≈.≈.≈≈≈.#########
#§≈≈.#.≈..§≈...≈...#.##.....
#§§§.#.≈≈≈§≈§≈≈≈.###.#......
#≈.#.#...≈§.§........##.....
#§.#.#.#.≈≈≈.#########......
#≈.#.#.#...≈.........#......
#§.#.#.###.≈≈≈≈.######......


There were no monsters in sight!

Vanquished Creatures
  the Royal Jelly (Slime:5)
  5 orbs of fire
  8 ancient liches
  Mara (Depths:4)
  Mennas (Depths:4)
  A juggernaut (Depths:4)
  Sojobo (Vaults:4)
  Boris (twice) (Depths:3 Vaults:3)
  Bai Suzhen (Snake:3)
  Vashnia (Snake:3)
  Frederick (Vaults:4)
  5 Killer Klowns (Zot:5)
  A caustic shrike (Depths:3)
  Saint Roka (Depths:3)
  A pandemonium lord (Zot:4)
  3 curse toes
  Xtahua (Depths:3)
  15 golden dragons
  Nikola (Depths:2)
  The ghost of GordonOverkill the Warrior, an adept OgFi of Okawaru (Depths:3)
  2 bone dragons
  the Enchantress (Depths:1)
  3 electric golems
  A hellephant (Depths:2)
  6 liches
  16 tentacled monstrosities
  30 Orb Guardians
  A titan (Depths:2)
  Asterion (Depths:2)
  3 deep elf master archers
  24 acid blobs
  3 deep elf blademasters
  The ghost of DildoBatman the Necromancer, an adept FoWz of Gozag (Shoals:3)
  9 quicksilver dragons
  7 sphinxes
  2 ancient champions
  Polyphemus (Shoals:2)
  6 tengu reavers
  9 death cobs
  Donald (Snake:4)
  15 storm dragons
  2 revenants
  14 shadow dragons
  Ilsuiw (Shoals:3)
  12 azure jellies
  7 draconian monks
  9 nagarajas
  4 draconian knights
  A balrug (Depths:2)
  13 frost giants
  5 fire giants
  Louise (Snake:1)
  8 iron dragons
  A ghost moth (Zot:4)
  An orc warlord (Orc:2)
  3 deep elf sorcerers
  16 vault wardens
  A cacodemon (D:9)
  7 draconian scorchers
  The ghost of Xenoqel the Zephyrmancer, a journeyman NaAE of Sif Muna (Snake:1)
  6 draconian shifters
  3 curse skulls
  6 spriggan defenders
  12 ironheart preservers
  6 draconian stormcallers
  4 war gargoyles
  A reaper (Depths:1)
  7 draconian annihilators
  12 stone giants
  7 deep elf elementalists
  19 very ugly things
  A juggernaut skeleton (Crypt:2)
  7 vampire knights
  2 entropy weavers
  15 green draconians
  12 deep elf annihilators
  Azrael (Snake:3)
  A lorocyproca (D:11)
  5 deep elf demonologists
  10 black draconians
  8 red draconians
  A spark wasp (Depths:3)
  11 white draconians
  22 yellow draconians
  5 purple draconians
  A dire elephant (Lair:6)
  10 deep elf death magi
  The ghost of Thargor the Spry, a journeyman DEFE of Vehumet (Shoals:1)
  Snorg (D:10)
  An ettin (shapeshifter) (Depths:5)
  17 ettins
  10 fire dragons
  A blizzard demon (Depths:2)
  2 eidola
  9 merfolk impalers
  2 merfolk javelineers
  Josephine (Lair:5)
  8 deep elf high priests
  8 jiangshi
  7 death oozes
  13 great orbs of eyes
  9 ice dragons
  7 rakshasas
  15 naga warriors
  16 yaktaur captains
  7 hydras
  A hell beast (Depths:3)
  15 centaur warriors
  30 vault guards
  A quicksilver dragon skeleton (Crypt:3)
  12 spriggan air magi
  Erica (D:8)
  A catoblepas (Shoals:3)
  10 anacondas
  4 death knights
  9 merfolk aquamancers
  3 satyrs
  3 merfolk avatars
  30 dancing weapons
  8 death yaks
  33 two-headed ogres
  11 ogre magi
  A queen ant (Lair:4)
  5 deep troll earth magi
  7 deep troll shamans
  22 tengu warriors
  2 titan zombies
  4 soul eaters
  7 orc high priests
  2 shock serpents
  9 spriggan berserkers
  13 naga sharpshooters
  7 vampire magi
  5 sun demons
  27 deep elf knights
  2 titan skeletons
  5 salamander mystics
  12 skeletal warriors
  6 glowing orange brains
  9 sea snakes
  35 deep trolls
  3 iron trolls
  2 shadow wraiths (Vaults:3)
  8 hell knights
  A storm dragon skeleton (Crypt:3)
  8 unseen horrors
  A ghost moth zombie (Crypt:1)
  9 flayed ghosts
  2 quicksilver dragon simulacra (Depths:2)
  2 infernal demonspawn (Depths:1)
  A shadow demon (D:15)
  7 naga ritualists
  A tengu zombie (Vaults:4)
  2 lindwurms (Lair:4)
  7 wizards
  19 deep elf archers
  A spriggan druid (Depths:3)
  An orange crystal statue (D:10)
  8 necromancers
  13 ironbrand convokers
  11 phantasmal warriors
  A shadow dragon zombie (Vaults:5)
  A wolf spider zombie (Crypt:3)
  An obsidian statue (Zot:5)
  22 harpies
  20 orc knights
  2 stone giant zombies
  A mana viper (shapeshifter) (Vaults:1)
  82 deep elf magi
  2 large abominations
  4 wolf spiders
  A fire giant zombie (Crypt:1)
  8 orc sorcerers
  15 salamanders
  12 mana vipers
  24 fauns
  A frost giant zombie (Vaults:4)
  A cyclops (shapeshifter) (Vaults:2)
  A tengu skeleton (Vaults:4)
  A moth of wrath (shapeshifter) (Depths:1)
  2 oklob plants
  10 cyclopes
  32 moths of wrath
  4 shining eyes
  50 ugly things
  A shadow dragon skeleton (Vaults:4)
  14 manticores
  10 merfolk sirens
  16 elephants
  2 black mambas (shapeshifter)
  2 frost giant skeletons (Crypt:3)
  9 rust devils
  8 water nymphs
  19 vault sentinels
  A guardian serpent (shapeshifter) (D:14)
  2 centaur zombies (D:12)
  8 fire giant skeletons
  4 guardian serpents
  An ice statue (Depths:2)
  A human skeleton (Vaults:4)
  22 black mambas
  Psyche (D:8)
  2 eyes of devastation
  2 smoke demons
  A centaur skeleton (D:15)
  29 naga magi
  An orange demon (D:9)
  An emperor scorpion zombie (Crypt:3)
  A shock serpent skeleton (Crypt:1)
  11 spiny frogs
  4 rime drakes (Lair:6)
  5 gargoyles
  15 komodo dragons
  3 efreet
  49 yaktaurs
  3 ice devils
  An entropy weaver simulacrum (Vaults:1)
  A kobold demonologist (D:15)
  3 hellwings
  15 freezing wraiths
  A yellow draconian skeleton (Crypt:2)
  6 red devils
  2 trolls (shapeshifter)
  8 tengu conjurers
  A polar bear (shapeshifter) (Depths:3)
  10 trolls
  A wolf spider simulacrum (D:15)
  8 hornets
  A tengu simulacrum (Vaults:5)
  5 wind drakes
  2 polar bears
  22 merfolk
  A raiju (shapeshifter) (D:15)
  Prince Ribbit (D:8)
  115 slime creatures
  7 snapping turtles
  7 blink frogs
  8 dream sheep
  12 hippogriffs
  8 flying skulls
  An alligator skeleton (Crypt:3)
  13 shadows
  3 air elementals
  4 spriggans
  4 vampires
  3 tarantellas (shapeshifter)
  2 ynoxinuls
  6 wyverns
  10 fire dragon skeletons
  13 wraiths
  31 yaks
  19 humans (D:13)
  An ettin skeleton (Vaults:5)
  26 water elementals
  A basilisk (D:15)
  8 fire elementals
  3 golden eyes
  A golden eye (shapeshifter) (Vaults:1)
  2 steam dragons
  A wind drake skeleton (Crypt:1)
  A chaos spawn (Depths:5)
  8 hungry ghosts
  A human (shapeshifter) (Depths:4)
  42 nagas
  8 vampire mosquitoes
  7 wargs
  19 soldier ants
  An acid dragon (D:14)
  8 water moccasins
  7 hell hounds
  A hydra simulacrum (Crypt:1)
  2 floating eyes (shapeshifter)
  A porcupine (shapeshifter) (Vaults:1)
  8 porcupines
  A merfolk skeleton (Crypt:1)
  3 ice beasts
  73 orc warriors
  A spiny frog skeleton (Crypt:3)
  3 black bears (D:6)
  4 ettin simulacra (Depths:2)
  A hornet zombie (Crypt:1)
  5 sky beasts
  2 eyes of draining (shapeshifter)
  8 wolves
  10 boggarts
  3 phantoms
  6 necrophages (D:12)
  6 eyes of draining
  29 ogres
  14 crocodiles
  A snapping turtle skeleton (Crypt:3)
  32 centaurs
  A big kobold (shapeshifter) (Vaults:1)
  2 big kobolds
  11 bullfrogs
  4 earth elementals
  3 wyvern zombies
  A salamander skeleton (Crypt:2)
  A water moccasin zombie (Crypt:2)
  2 scorpions
  A wyvern skeleton (D:15)
  A spriggan zombie (Crypt:2)
  A water moccasin skeleton (D:7)
  An elf simulacrum (Vaults:1)
  15 wights
  15 killer bees
  A howler monkey (D:6)
  2 electric eels (Lair:2)
  11 crimson imps
  4 bullfrog zombies
  A wyvern simulacrum (D:14)
  A quasit (D:6)
  5 hounds
  23 jellies
  3 bullfrog skeletons
  4 human zombies (Ossuary)
  32 orc priests
  Jessica (D:2)
  Natasha (D:3)
  4 iguanas
  30 orc wizards
  37 worker ants
  2 killer bee zombies
  A big kobold zombie (Ossuary)
  A deep dwarf zombie (Crypt:2)
  A dwarf skeleton (Crypt:2)
  5 mummies
  12 adders
  7 gnolls
  A swamp drake zombie (Crypt:2)
  3 shadow imps
  3 white imps (Gauntlet)
  7 oozes
  5 adder zombies
  An adder skeleton (D:7)
  4 worms
  3 dart slugs
  4 leopard geckos
  134 orcs
  3 ball pythons
  A bat skeleton (Crypt:2)
  5 giant cockroaches
  13 goblins
  10 hobgoblins
  17 jackals
  20 kobolds
  4 quokkas
  A ball python skeleton (Crypt:1)
  5 bats
  A dart slug zombie (Crypt:2)
  3 frilled lizards
  2 goblin zombies
  3 hobgoblin zombies (Ossuary)
  2 jackal zombies (Ossuary)
  13 kobold zombies
  9 orc zombies (Ossuary)
  A quokka skeleton (D:5)
  9 rats
  2 rat zombies (Ossuary)
  4 crawling corpses
  4 plants
2895 creatures vanquished.

Vanquished Creatures (collateral kills)
  A minotaur (Gauntlet)
  An entropy weaver (Gauntlet)
  Maurice (D:13)
  A jumping spider (Gauntlet)
  A warg (Orc:2)
  An orc warrior (Orc:2)
  An ogre (Orc:2)
  3 orc priests (Orc:2)
  An orc wizard (Orc:2)
  2 orcs (Orc:2)
13 creatures vanquished.

Vanquished Creatures (others)
  An entropy weaver (Lair:4)
  A deep elf knight (Vaults:3)
  A salamander (Snake:4)
  An ugly thing (Depths:5)
  A kobold demonologist (D:15)
  A hornet (Vaults:1)
  A blink frog (Lair:2)
  An air elemental (Elf:1)
  An ettin simulacrum (Depths:2)
  A wolf (Depths:3)
  A boggart (Depths:2)
  A jelly (Zot:3)
  A ball lightning (Snake:3)
  2 orcs (Depths:3)
  5 fungi
  81 plants
  2 withered plants (Depths:3)
103 creatures vanquished.

Grand Total: 3011 creatures vanquished

Notes
Turn   | Place    | Note
-------+----------+-------------------------------------------
     0 | D:1      | GordonOverkill the Ogre Fighter began the quest for the
                  | Orb.
     0 | D:1      | Reached XP level 1. HP: 24/24 MP: 1/1
   269 | D:1      | Reached XP level 2. HP: 29/32 MP: 2/2
   725 | D:1      | Reached XP level 3. HP: 21/40 MP: 3/3
  1236 | D:2      | Noticed Jessica
  1243 | D:2      | Reached XP level 4. HP: 46/49 MP: 4/4
  1245 | D:2      | Killed Jessica
  1245 | D:2      | Reached skill level 5 in Fighting
  1255 | D:2      | Identified Jessica's Handbook of Execration
  1737 | D:3      | Reached XP level 5. HP: 47/57 MP: 5/5
  2609 | D:3      | Noticed Natasha
  2631 | D:3      | Killed Natasha
  3108 | D:4      | Found a staircase to the Ecumenical Temple.
  3122 | Temple   | Entered the Ecumenical Temple
  3216 | Temple   | Became a worshipper of Warmaster Okawaru
  3330 | D:4      | Reached XP level 6. HP: 23/67 MP: 6/6
  3383 | D:4      | Found a sand-covered staircase.
  3396 | Ossuary  | Entered an ossuary
  3887 | Ossuary  | Reached skill level 5 in Maces & Flails
  4388 | Ossuary  | Reached XP level 7. HP: 69/76 MP: 7/7
  4481 | D:4      | Found the +5 demon whip "Spellbinder" {antimagic, MR+}
  4655 | D:4      | Reached * piety under Okawaru
  5154 | D:4      | Found a deep blue altar of Sif Muna.
  5301 | D:5      | Entered Level 5 of the Dungeon
  5648 | D:6      | Reached XP level 8. HP: 59/87 MP: 2/8
  5732 | D:6      | Noticed Grinder
  5739 | D:6      | Noticed Grinder
  5739 | D:6      | Grinder changed into Grinder the quasit
  5748 | D:6      | Killed Grinder the quasit
  5898 | D:6      | Found a bloodstained altar of Trog.
  5962 | D:6      | Reached ** piety under Okawaru
  6756 | D:5      | Reached XP level 9. HP: 83/98 MP: 3/9
  7272 | D:5      | Reached *** piety under Okawaru
  7923 | D:6      | Got a scorched cloak
  7934 | D:6      | Identified the +1 cloak "Koepool" {-Cast Slay+5} (You found
                  | it on level 6 of the Dungeon)
  8277 | D:7      | Reached skill level 10 in Fighting
  8858 | D:7      | Noticed a manticore
  8874 | D:7      | Killed a manticore
  8874 | D:7      | Reached **** piety under Okawaru
  8874 | D:7      | Reached skill level 10 in Maces & Flails
  9246 | D:7      | Reached XP level 10. HP: 108/111 MP: 3/10
  9808 | D:8      | Noticed Erica
  9816 | D:8      | Killed Erica
  9816 | D:8      | Received a gift from Okawaru
  9883 | D:8      | Reached ***** piety under Okawaru
 10276 | D:8      | Found a shattered altar of Ashenzari.
 10350 | D:8      | Noticed Psyche
 10368 | D:8      | Noticed Prince Ribbit
 10381 | D:8      | Killed Prince Ribbit
 10385 | D:8      | Killed Psyche
 10640 | D:8      | Reached skill level 5 in Dodging
 11071 | D:9      | Noticed a two-headed ogre
 11078 | D:9      | Killed a two-headed ogre
 11078 | D:9      | Received a gift from Okawaru
 11078 | D:9      | Reached XP level 11. HP: 103/123 MP: 1/11
 11087 | D:9      | Identified a scroll of acquirement
 11090 | D:9      | Got faintly glowing shadow dragon scales
 11101 | D:9      | Identified the +1 shadow dragon scales "Moir Doff" {+Fly
                  | rF+ Int+3 Stlth++++} (You acquired it on level 9 of the
                  | Dungeon)
 11211 | D:9      | Found a staircase to the Lair.
 11243 | D:9      | Noticed a two-headed ogre
 11253 | D:9      | Killed a two-headed ogre
 11253 | D:9      | Reached skill level 1 in Armour
 11644 | D:10     | Entered Level 10 of the Dungeon
 11819 | D:10     | Received a gift from Okawaru
 12013 | D:10     | Found a runed translucent door.
 12055 | D:10     | Found a runed translucent door.
 12070 | D:10     | Found a runed translucent door.
 12154 | D:10     | Received a gift from Okawaru
 12298 | D:10     | Noticed Snorg
 12306 | D:10     | Killed Snorg
 12338 | D:10     | Found a runed translucent door.
 12431 | D:10     | Noticed an orange crystal statue
 12445 | D:10     | Killed an orange crystal statue
 12613 | D:11     | Noticed a two-headed ogre
 12622 | D:11     | Killed a two-headed ogre
 12622 | D:11     | Reached XP level 12. HP: 60/136 MP: 4/12
 12928 | D:11     | Found Mafetuum's Assorted Antiques.
 12932 | D:11     | Bought a scroll labeled DUJIEBBUENU for 20 gold pieces
 12932 | D:11     | Bought a blue potion for 18 gold pieces
 12932 | D:11     | Bought a scroll of blinking for 150 gold pieces
 12932 | D:11     | Bought a potion of curing for 60 gold pieces
 12932 | D:11     | Bought a scroll of teleportation for 60 gold pieces
 12932 | D:11     | Bought a scroll of fog for 40 gold pieces
 12940 | D:11     | Noticed a two-headed ogre
 12959 | D:11     | Killed a two-headed ogre
 13103 | D:11     | Noticed a death knight
 13135 | D:11     | Killed a death knight
 13730 | Lair:1   | Entered Level 1 of the Lair of Beasts
 13775 | Lair:1   | Reached skill level 5 in Armour
 13797 | Lair:1   | Reached ****** piety under Okawaru
 14712 | Lair:2   | Noticed an eight-headed hydra
 14718 | Lair:2   | Killed an eight-headed hydra
 14745 | Lair:2   | Received a gift from Okawaru
 14952 | Lair:2   | Found a staircase to the Shoals.
 14974 | Lair:2   | Noticed a five-headed hydra
 14983 | Lair:2   | Killed a five-headed hydra
 15369 | Lair:3   | Reached XP level 13. HP: 138/144 MP: 4/13
 15685 | Lair:3   | Found a staircase to the Snake Pit.
 15930 | Lair:4   | Reached skill level 15 in Maces & Flails
 16152 | Lair:4   | Noticed an entropy weaver
 16426 | Lair:4   | Noticed an entropy weaver
 16439 | Lair:4   | Killed an entropy weaver
 16785 | Lair:4   | Received a gift from Okawaru
 16804 | Lair:4   | Got a slimy shield {god gift}
 16818 | Lair:4   | Identified the +3 shield "Tej Ciss" {rElec} (Okawaru gifted
                  | it to you on level 4 of the Lair of Beasts)
 16847 | Lair:4   | Banished an entropy weaver
 16890 | Lair:4   | Reached skill level 5 in Shields
 17521 | Lair:5   | Noticed Josephine
 17530 | Lair:5   | Killed Josephine
 17607 | Lair:5   | Found a staircase to the Slime Pits.
 17782 | Lair:6   | Entered Level 6 of the Lair of Beasts
 17802 | Lair:6   | Found a gate leading to a gauntlet.
 17811 | Gauntlet | Entered a Gauntlet
 17811 | Gauntlet | Found a transporter.
 17811 | Gauntlet | Found a transporter.
 17813 | Gauntlet | Found a transporter.
 17813 | Gauntlet | Found a transporter.
 17817 | Gauntlet | Found a transporter.
 17817 | Gauntlet | Found a transporter.
 17845 | Gauntlet | Found a runed translucent door.
 17847 | Gauntlet | Found a runed translucent door.
 17849 | Gauntlet | Found a transporter.
 17853 | Gauntlet | Found a transporter.
 17855 | Gauntlet | Noticed a reaper
 17861 | Gauntlet | Found a transporter.
 17877 | Gauntlet | Found a transporter.
 17880 | Gauntlet | Noticed an entropy weaver
 17891 | Gauntlet | Found a transporter.
 17895 | Gauntlet | Found a transporter.
 17950 | Gauntlet | Reached XP level 14. HP: 124/153 MP: 4/14
 18055 | Gauntlet | Found a runed translucent door.
 18145 | Gauntlet | Killed an entropy weaver
 18395 | Lair:5   | Received a gift from Okawaru
 18395 | Lair:5   | Reached skill level 1 in Spellcasting
 18670 | Lair:6   | Noticed a dire elephant
 18691 | Lair:6   | Killed a dire elephant
 19517 | Lair:6   | Received a gift from Okawaru
 19722 | Lair:6   | Reached skill level 5 in Spellcasting
 20385 | D:12     | Reached XP level 15. HP: 154/159 MP: 7/22
 20399 | D:12     | Reached skill level 1 in Invocations
 20585 | D:12     | Found a staircase to the Orcish Mines.
 20589 | D:12     | Identified the +2 trident of Fimbulwinter {pain, rN+ MR+
                  | Str+2}
 20723 | D:12     | Received a gift from Okawaru
 21373 | D:13     | Got a fine silver ring
 21376 | D:13     | Identified the ring "Yzoro" {+Fly MR++ Str+3 Int+3 SInv}
                  | (You found it on level 13 of the Dungeon)
 21438 | D:13     | Noticed Maurice
 21445 | D:13     | Killed Maurice
 21610 | D:13     | Found a gate to the Vaults.
 21729 | D:13     | Paralysed by a floating eye for 2 turns
 22603 | D:14     | Reached skill level 5 in Invocations
 22910 | D:14     | Found Jeacahepp's Magic Scroll Shoppe.
 22918 | D:14     | Bought a scroll of holy word for 97 gold pieces
 22985 | D:14     | Found a blossoming altar of Fedhas.
 23246 | D:15     | Entered Level 15 of the Dungeon
 23425 | D:15     | Received a gift from Okawaru
 23605 | D:15     | Found a glowing silver altar of Zin.
 23651 | D:15     | Reached XP level 16. HP: 105/169 MP: 1/23
 24144 | D:15     | Found a staircase to the Depths.
 24558 | Orc:1    | Entered Level 1 of the Orcish Mines
 25140 | Orc:2    | Entered Level 2 of the Orcish Mines
 25140 | Orc:2    | Found a staircase to the Elven Halls.
 25761 | Orc:2    | Received a gift from Okawaru
 26919 | Orc:2    | Found Ledoilil's Food Emporium.
 26922 | Orc:2    | Found Fecaxzuz's Weapon Emporium.
 26923 | Orc:2    | Found Binykuat's Weapon Emporium.
 26924 | Orc:2    | Found Kushrooth's Distillery.
 26930 | Orc:2    | Bought a potion of resistance for 140 gold pieces
 26930 | Orc:2    | Bought a potion of invisibility for 112 gold pieces
 26930 | Orc:2    | Bought a potion of invisibility for 112 gold pieces
 26930 | Orc:2    | Bought a potion of might for 56 gold pieces
 26930 | Orc:2    | Bought a potion of might for 56 gold pieces
 26930 | Orc:2    | Bought a potion of might for 56 gold pieces
 26930 | Orc:2    | Bought a potion of haste for 140 gold pieces
 26930 | Orc:2    | Bought a potion of agility for 56 gold pieces
 26932 | Orc:2    | Bought a potion of curing for 42 gold pieces
 26932 | Orc:2    | Bought 2 potions of curing for 84 gold pieces
 27193 | Snake:1  | Entered Level 1 of the Snake Pit
 27443 | Snake:1  | Received a gift from Okawaru
 27697 | Snake:1  | Noticed Louise
 27976 | Snake:1  | Killed Louise
 28021 | Snake:1  | Found Vog Ziko's General Store.
 28021 | Snake:1  | Found Mudojex's Antique Armour Shop.
 28022 | Snake:1  | Found Oniraimui's Armour Boutique.
 28026 | Snake:1  | Found Gapudav's Distillery.
 28041 | Snake:1  | Bought a potion of agility for 76 gold pieces
 28041 | Snake:1  | Bought a potion of haste for 190 gold pieces
 28041 | Snake:1  | Bought a potion of berserk rage for 95 gold pieces
 28041 | Snake:1  | Bought a potion of agility for 76 gold pieces
 28041 | Snake:1  | Bought a potion of agility for 76 gold pieces
 28044 | Snake:1  | Bought a scroll of teleportation for 42 gold pieces
 28044 | Snake:1  | Bought a scroll of magic mapping for 49 gold pieces
 28044 | Snake:1  | Bought a scroll of silence for 105 gold pieces
 28085 | Snake:1  | Found a runed translucent door.
 28090 | Snake:1  | Noticed Xenoqel's ghost (journeyman NaAE)
 28262 | Snake:1  | Reached XP level 17. HP: 165/179 MP: 24/24
 28788 | Snake:1  | Killed Xenoqel's ghost
 29605 | Snake:2  | Received a gift from Okawaru
 30164 | Snake:3  | Received a gift from Okawaru
 30164 | Snake:3  | Reached skill level 15 in Fighting
 30317 | Snake:3  | Found a sparkling altar of Nemelex Xobeh.
 30423 | Snake:3  | Noticed Aizul
 30428 | Snake:3  | Banished Aizul
 30833 | Snake:3  | Noticed Bai Suzhen
 30855 | Snake:3  | Killed Bai Suzhen
 31172 | Snake:3  | Noticed Vashnia
 31188 | Snake:3  | Noticed Azrael
 31202 | Snake:3  | Killed Azrael
 31215 | Snake:3  | Killed Vashnia
 31215 | Snake:3  | Received a gift from Okawaru
 31215 | Snake:3  | Reached skill level 10 in Armour
 31838 | Snake:4  | Entered Level 4 of the Snake Pit
 32188 | Snake:4  | Noticed Donald
 32201 | Snake:4  | Killed Donald
 32201 | Snake:4  | Reached XP level 18. HP: 200/200 MP: 23/25
 32342 | Snake:4  | Received a gift from Okawaru
 32524 | Snake:4  | Received a gift from Okawaru
 32527 | Snake:4  | Identified the -1 cloak of Absence {rPois rF+ Int-3}
                  | (Okawaru gifted it to you on level 4 of the Snake Pit)
 34692 | Snake:4  | Got a serpentine rune of Zot
 35065 | Elf:1    | Entered Level 1 of the Elven Halls
 35209 | Elf:1    | Received a gift from Okawaru
 35697 | Elf:1    | Reached XP level 19. HP: 195/217 MP: 23/26
 35819 | Elf:1    | Reached skill level 10 in Dodging
 36331 | Elf:1    | Received a gift from Okawaru
 37173 | Elf:2    | Found a runed translucent gate.
 37173 | Elf:2    | Found a runed translucent gate.
 37177 | Elf:2    | Found a runed translucent gate.
 38051 | Elf:2    | Received a gift from Okawaru
 38197 | Elf:3    | Entered Level 3 of the Elven Halls
 38302 | Elf:3    | Found an ancient bone altar of Kikubaaqudgha.
 38975 | Elf:3    | Reached XP level 20. HP: 219/228 MP: 27/27
 39034 | Elf:3    | Received a gift from Okawaru
 39270 | Elf:3    | Identified the ring of Suspected Treachery {rF+ MR+}
 39468 | Elf:3    | Identified the +6 rapier of Suriomy {freeze, *Corrode rC+
                  | MR+ Dex+2}
 40407 | Elf:3    | Identified Ojeary's Compendium of Icy Transmutation
 40437 | Elf:3    | Identified the Tome of the Escort and Necromancy
 40443 | Elf:3    | Identified the Grimoire of Battle Magic and Flames
 40484 | Elf:3    | Found the ring of Phasing {EV+8}
 40486 | Elf:3    | Identified Nyevy's Catalogue of Ashen Talismans
 40849 | Depths:1 | Entered Level 1 of the Depths
 41031 | Depths:1 | Identified the +2 faerie dragon scales {rC- rCorr MP+9
                  | Dex+7 SInv}
 41031 | Depths:1 | Noticed the Enchantress
 41045 | Depths:1 | Reached skill level 15 in Armour
 41051 | Depths:1 | Killed the Enchantress
 41189 | Depths:1 | Found Eteag's Distillery.
 41193 | Depths:1 | Bought a potion of heal wounds for 70 gold pieces
 41193 | Depths:1 | Bought a potion of heal wounds for 70 gold pieces
 41193 | Depths:1 | Bought a potion of heal wounds for 70 gold pieces
 41193 | Depths:1 | Bought a potion of cancellation for 112 gold pieces
 41277 | Depths:1 | Found a gateway to a ziggurat.
 41589 | Depths:1 | Found a gateway to Hell.
 41733 | Depths:1 | Received a gift from Okawaru
 41748 | Depths:1 | Got a brightly glowing broad axe {god gift}
 41749 | Depths:1 | Identified the +5 broad axe "Xelid" {antimagic, rElec rC+++
                  | Str-4 Stlth+} (Okawaru gifted it to you on level 1 of the
                  | Depths)
 42562 | Depths:2 | Noticed Nikola
 42581 | Depths:2 | Killed Nikola
 42581 | Depths:2 | Received a gift from Okawaru
 42581 | Depths:2 | Reached XP level 21. HP: 226/237 MP: 26/28
 42682 | Depths:2 | Found a glowing silver altar of Zin.
 42935 | Depths:2 | Found a blossoming altar of Fedhas.
 43151 | Depths:2 | Noticed Asterion
 43191 | Depths:2 | Received a gift from Okawaru
 43770 | Depths:2 | Noticed a golden dragon
 43770 | Depths:2 | Identified the ring "Reotoick" {Fire rN+ Str+4}
 43791 | Depths:2 | Killed a golden dragon
 43988 | Depths:2 | Found a radiant altar of Vehumet.
 44409 | Depths:2 | Killed Asterion
 44483 | Depths:2 | Found an ancient bone altar of Kikubaaqudgha.
 44484 | Depths:2 | Noticed a bone dragon
 44546 | Depths:2 | Killed a bone dragon
 45044 | Depths:3 | Noticed Xtahua
 45055 | Depths:3 | Killed Xtahua
 45055 | Depths:3 | Received a gift from Okawaru
 45055 | Depths:3 | Reached XP level 22. HP: 247/257 MP: 29/29
 45180 | Depths:3 | Found a runed translucent door.
 45180 | Depths:3 | Noticed GordonOverkill's ghost (adept OgFi)
 45213 | Depths:3 | Killed GordonOverkill's ghost
 45225 | Depths:3 | Noticed a caustic shrike
 45235 | Depths:3 | Killed a caustic shrike
 45835 | Depths:3 | Found a one-way gate leading to the halls of Pandemonium.
 45986 | Depths:3 | Noticed Saint Roka
 46003 | Depths:3 | Killed Saint Roka
 46088 | Depths:3 | Noticed Boris
 46101 | Depths:3 | Received a gift from Okawaru
 46114 | Depths:3 | Killed Boris
 47023 | Depths:4 | Noticed Mennas
 47036 | Depths:4 | Killed Mennas
 47122 | Depths:4 | Reached skill level 10 in Invocations
 47515 | Depths:4 | Noticed Mara
 47534 | Depths:4 | Killed Mara
 47534 | Depths:4 | Reached XP level 23. HP: 219/276 MP: 25/32
 47561 | Depths:4 | Received a gift from Okawaru
 47564 | Depths:4 | Got a bloodstained giant spiked club {god gift}
 47565 | Depths:4 | Identified the +5 giant spiked club of the People {drain,
                  | rC+ Str+2} (Okawaru gifted it to you on level 4 of the
                  | Depths)
 48011 | Depths:4 | Found a one-way gate to the infinite horrors of the Abyss.
 48231 | Depths:4 | Reached skill level 15 in Invocations
 48413 | Depths:5 | Entered Level 5 of the Depths
 48413 | Depths:5 | Noticed a juggernaut
 48436 | Depths:4 | Killed a juggernaut
 49041 | Depths:4 | Received a gift from Okawaru
 49462 | Depths:5 | Received a gift from Okawaru
 49467 | Depths:5 | Got a dazzling morningstar {god gift}
 49468 | Depths:5 | Identified the +7 morningstar of the Lost Suns {flame, rF+
                  | rC+ rN+ Int+3} (Okawaru gifted it to you on level 5 of the
                  | Depths)
 49479 | Depths:5 | Found a gate to the Realm of Zot.
 51092 | Vaults:1 | Entered Level 1 of the Vaults
 51516 | Vaults:1 | Received a gift from Okawaru
 51660 | Vaults:1 | Reached XP level 24. HP: 275/292 MP: 35/35
 52247 | Vaults:1 | Paralysed by a hornet for 1 turns
 52257 | Vaults:1 | Reached skill level 27 in Fighting
 52257 | Vaults:1 | Reached skill level 10 in Shields
 52690 | Vaults:2 | Received a gift from Okawaru
 52921 | Vaults:2 | Found Bimn's Antique Armour Boutique.
 52969 | Vaults:2 | Found a staircase to the Crypt.
 53127 | Vaults:2 | Found Dirok's General Store.
 53135 | Vaults:2 | Bought a potion of berserk rage for 90 gold pieces
 53150 | Vaults:2 | You fall through a shaft for 2 floors!
 53181 | Vaults:4 | Received a gift from Okawaru
 53182 | Vaults:4 | Found the +2 hat of the Bear Spirit {Spirit, +Rage rN+
                  | MR++}
 53297 | Vaults:4 | Reached skill level 1 in Evocations
 54016 | Vaults:4 | Noticed Frederick
 54033 | Vaults:4 | Killed Frederick
 54043 | Vaults:4 | Noticed Sojobo
 54061 | Vaults:4 | Killed Sojobo
 54061 | Vaults:4 | Reached skill level 5 in Evocations
 54196 | Vaults:4 | Reached XP level 25. HP: 304/304 MP: 35/35
 54779 | Vaults:3 | Noticed Boris
 54791 | Vaults:3 | Killed Boris
 55120 | Vaults:3 | Received a gift from Okawaru
 55412 | Vaults:3 | Found Butte's General Store.
 55683 | Vaults:3 | Bought 3 scrolls of teleportation for 162 gold pieces
 55683 | Vaults:3 | Bought a potion of curing for 54 gold pieces
 55683 | Vaults:3 | Bought a potion of curing for 54 gold pieces
 56224 | Vaults:2 | Found Xeneck's Antique Armour Emporium.
 56273 | Vaults:2 | Found Kiysoeq's Distillery.
 56294 | Vaults:2 | Bought a potion of cancellation for 152 gold pieces
 56294 | Vaults:2 | Bought a potion of heal wounds for 95 gold pieces
 56294 | Vaults:2 | Bought a potion of agility for 76 gold pieces
 56294 | Vaults:2 | Bought a potion of heal wounds for 95 gold pieces
 56294 | Vaults:2 | Bought 2 potions of haste for 380 gold pieces
 56294 | Vaults:2 | Bought a potion of curing for 57 gold pieces
 56294 | Vaults:2 | Bought a potion of curing for 57 gold pieces
 56294 | Vaults:2 | Bought a potion of curing for 57 gold pieces
 56469 | Vaults:2 | Found Seusua's General Store.
 56474 | Vaults:2 | Bought a potion of invisibility for 120 gold pieces
 56950 | Crypt:1  | Entered Level 1 of the Crypt
 58100 | Crypt:2  | Received a gift from Okawaru
 58263 | Crypt:3  | Entered Level 3 of the Crypt
 58295 | Crypt:3  | Reached skill level 15 in Shields
 58574 | Crypt:3  | Found the +8 demon blade "Leech" {vamp, rN+ AC-3 EV-3}
 58689 | Crypt:3  | Reached skill level 10 in Evocations
 58750 | Crypt:3  | Got a clouded bronze ring
 58751 | Crypt:3  | Identified the ring "Nuyhustro" {AC+3 Int+8} (You found it
                  | on level 3 of the Crypt)
 58840 | Crypt:3  | Found a staircase to the Tomb.
 59245 | Crypt:3  | Reached XP level 26. HP: 283/314 MP: 32/35
 59363 | Crypt:3  | Found an ancient bone altar of Kikubaaqudgha.
 59365 | Crypt:3  | Noticed an ancient lich
 59377 | Crypt:3  | Killed an ancient lich
 59427 | Crypt:3  | Noticed an ancient lich
 59445 | Crypt:3  | Killed an ancient lich
 60020 | Shoals:1 | Entered Level 1 of the Shoals
 60481 | Shoals:1 | Found a runed translucent door.
 60494 | Shoals:1 | Noticed Thargor's ghost (journeyman DEFE)
 60874 | Shoals:1 | Killed Thargor's ghost
 61048 | Shoals:2 | Found a frozen archway.
 61519 | Shoals:3 | Found a runed translucent door.
 61656 | Shoals:3 | Noticed DildoBatman's ghost (adept FoWz)
 61670 | Shoals:3 | Killed DildoBatman's ghost
 61705 | Shoals:3 | Noticed Polyphemus
 61726 | Shoals:2 | Killed Polyphemus
 61726 | Shoals:2 | Received a gift from Okawaru
 61736 | Shoals:2 | Got a crude large shield {god gift}
 61737 | Shoals:2 | Identified the +0 large shield of the Arcane {*Slow rF++
                  | rCorr Stlth+} (Okawaru gifted it to you on level 2 of the
                  | Shoals)
 61952 | Shoals:3 | Noticed Ilsuiw
 61998 | Shoals:3 | Killed Ilsuiw
 62255 | Shoals:4 | Entered Level 4 of the Shoals
 62548 | Shoals:4 | Got a barnacled rune of Zot
 62627 | Shoals:4 | Identified the ring of Vyasu {+Fly rF+}
 62881 | Shoals:4 | Identified the ring of Noon {Ice Str+4 Int+6}
 63180 | Slime:1  | Entered Level 1 of the Pits of Slime
 63840 | Slime:2  | Gained mutation: You are dopey. (Int -2) [a shining eye]
 63846 | Slime:2  | Gained mutation: You are very dopey. (Int -4) [a shining
                  | eye]
 63945 | Slime:3  | Reached XP level 27. HP: 288/323 MP: 32/35
 63985 | Slime:4  | Gained mutation: You are clumsy. (Dex -2) [a shining eye]
 63986 | Slime:4  | Gained mutation: You tend to lose your temper in combat. [a
                  | shining eye]
 64032 | Slime:4  | Received a gift from Okawaru
 64132 | Slime:5  | Entered Level 5 of the Pits of Slime
 64228 | Slime:5  | Noticed the Royal Jelly
 64445 | Slime:5  | Gained mutation: Your magical capacity is low. (-10% MP) [a
                  | shining eye]
 64570 | Slime:5  | Found a viscous altar of Jiyva.
 64605 | Slime:5  | Killed the Royal Jelly
 64635 | Slime:5  | Got a crude amber ring
 64636 | Slime:5  | Identified the ring "Niobo" {Wiz *Drain +Fly Str-2 Dex+8}
                  | (You found it on level 5 of the Pits of Slime)
 64649 | Slime:5  | Found the +9 staff of Wucad Mu {channel}
 64655 | Slime:5  | Got a fine amber ring
 64656 | Slime:5  | Identified the ring "Syemmua" {rF+ MR+ Stlth+} (You
                  | acquired it on level 5 of the Pits of Slime)
 64705 | Slime:5  | Got a slimy rune of Zot
 65208 | Vaults:5 | Entered Level 5 of the Vaults
 65327 | Vaults:5 | Noticed an ancient lich
 65622 | Vaults:5 | Received a gift from Okawaru
 65784 | Vaults:5 | Received a gift from Okawaru
 66118 | Vaults:5 | Killed an ancient lich
 66456 | Vaults:5 | Received a gift from Okawaru
 66489 | Vaults:5 | Identified the +1 cloak of the Past {rPois MR++ Int-5 SInv}
                  | (Okawaru gifted it to you on level 5 of the Vaults)
 66500 | Vaults:5 | Identified the +0 robe of Gravity {MR+ Slay+3}
 66712 | Vaults:5 | Identified Xobic's Handbook of the Aerial Oath
 66721 | Vaults:5 | Got a silver rune of Zot
 67024 | Vaults:5 | Identified the +1 shortbow of Burhotox {venom, +Inv rPois
                  | rC- MR++}
 67763 | Zot:1    | Entered Level 1 of the Realm of Zot
 69125 | Zot:2    | Noticed an orb of fire
 69129 | Zot:2    | Gained mutation: You are very clumsy. (Dex -4) [an orb of
                  | fire]
 69132 | Zot:2    | Gained mutation: You are frail. (-10% HP) [an orb of fire]
 69143 | Zot:2    | Killed an orb of fire
 69163 | Zot:2    | Received a gift from Okawaru
 69335 | Zot:2    | Lost mutation: You are frail. (-10% HP) [potion of
                  | mutation]
 69335 | Zot:2    | Lost mutation: You are very dopey. (Int -4) [potion of
                  | mutation]
 69335 | Zot:2    | Lost mutation: Your magical capacity is low. (-10% MP)
                  | [potion of mutation]
 69335 | Zot:2    | Lost mutation: You tend to lose your temper in combat.
                  | [potion of mutation]
 69335 | Zot:2    | Gained mutation: Your body sometimes deteriorates upon
                  | taking damage. [potion of mutation]
 69335 | Zot:2    | Lost mutation: Your body sometimes deteriorates upon taking
                  | damage. [potion of mutation]
 69335 | Zot:2    | Gained mutation: You are resistant to hostile enchantments.
                  | (MR+) [potion of mutation]
 70238 | Zot:3    | Received a gift from Okawaru
 72146 | Zot:4    | Received a gift from Okawaru
 73363 | Zot:5    | Entered Level 5 of the Realm of Zot
 73824 | Zot:5    | Received a gift from Okawaru
 74428 | Zot:5    | Noticed an orb of fire
 74443 | Zot:5    | Noticed an ancient lich
 74452 | Zot:5    | Killed an orb of fire
 74465 | Zot:5    | Killed an ancient lich
 74491 | Zot:5    | Received a gift from Okawaru
 74498 | Zot:5    | Noticed an ancient lich
 74942 | Zot:5    | Noticed an ancient lich
 74963 | Zot:5    | Killed an ancient lich
 75175 | Zot:5    | Noticed an orb of fire
 75195 | Zot:5    | Killed an orb of fire
 75479 | Zot:5    | Killed an ancient lich
 75479 | Zot:5    | Received a gift from Okawaru
 75684 | Zot:5    | Noticed an ancient lich
 75687 | Zot:5    | Noticed an ancient lich
 75709 | Zot:5    | Killed an ancient lich
 75719 | Zot:5    | Killed an ancient lich
 75761 | Zot:5    | Received a gift from Okawaru
 75974 | Zot:5    | Noticed an orb of fire
 76008 | Zot:5    | Killed an orb of fire
 76016 | Zot:5    | Reached skill level 27 in Armour
 76172 | Zot:5    | Noticed an orb of fire
 76183 | Zot:5    | Gained mutation: Armour fits poorly on your strangely
                  | shaped body. [an orb of fire]
 76185 | Zot:5    | Gained mutation: Your spells are a little easier to cast,
                  | but a little less powerful. [an orb of fire]
 76187 | Zot:5    | Killed an orb of fire
 76189 | Zot:5    | Lost mutation: You are very clumsy. (Dex -4) [potion of
                  | mutation]
 76189 | Zot:5    | Lost mutation: You are resistant to hostile enchantments.
                  | (MR+) [potion of mutation]
 76189 | Zot:5    | Lost mutation: You are clumsy. (Dex -2) [potion of
                  | mutation]
 76189 | Zot:5    | Gained mutation: You occasionally shout uncontrollably at
                  | your foes. [potion of mutation]
 76189 | Zot:5    | Gained mutation: You have large cloven feet. [potion of
                  | mutation]
 76189 | Zot:5    | Gained mutation: You have sharp fingernails. [potion of
                  | mutation]
 76190 | Zot:5    | Lost mutation: Armour fits poorly on your strangely shaped
                  | body. [potion of mutation]
 76190 | Zot:5    | Lost mutation: You are dopey. (Int -2) [potion of mutation]
 76190 | Zot:5    | Lost mutation: Your spells are a little easier to cast, but
                  | a little less powerful. [potion of mutation]
 76190 | Zot:5    | Lost mutation: You occasionally shout uncontrollably at
                  | your foes. [potion of mutation]
 76190 | Zot:5    | Gained mutation: You tend to lose your temper in combat.
                  | [potion of mutation]
 76190 | Zot:5    | Gained mutation: You are partially covered in molten
                  | scales. (AC +2) [potion of mutation]
 76958 | Zot:5    | Lost mutation: You are partially covered in molten scales.
                  | (AC +2) [potion of mutation]
 76958 | Zot:5    | Lost mutation: You have sharp fingernails. [potion of
                  | mutation]
 76958 | Zot:5    | Lost mutation: You have large cloven feet. [potion of
                  | mutation]
 76958 | Zot:5    | Gained mutation: Your body sometimes deteriorates upon
                  | taking damage. [potion of mutation]
 76958 | Zot:5    | Gained mutation: You have a pair of small horns on your
                  | head. [potion of mutation]
 76959 | Zot:5    | Lost mutation: You tend to lose your temper in combat.
                  | [potion of mutation]
 76959 | Zot:5    | Lost mutation: You have a pair of small horns on your head.
                  | [potion of mutation]
 76959 | Zot:5    | Lost mutation: Your body sometimes deteriorates upon taking
                  | damage. [potion of mutation]
 76959 | Zot:5    | Gained mutation: You are weak. (Str -2) [potion of
                  | mutation]
 76959 | Zot:5    | Gained mutation: You are robust. (+10% HP) [potion of
                  | mutation]
 76959 | Zot:5    | Gained mutation: Your magical capacity is low. (-10% MP)
                  | [potion of mutation]
 76959 | Zot:5    | Gained mutation: You evolve. [potion of mutation]
 76988 | Zot:5    | Got the Orb of Zot
 77040 | Zot:4    | Noticed Wemunule the pandemonium lord
 77056 | Zot:4    | Killed Wemunule the pandemonium lord
 77155 | Zot:1    | Lost mutation: You evolve. [evolution]
 77791 | D:$      | Escaped with the Orb!

Skill      XL: |  1  2  3  4  5  6  7  8  9 10 11 12 13 14 15 16 17 18 19 20 21 22 23 24 25 26 27 |
---------------+----------------------------------------------------------------------------------+-----
Maces & Flails | 2 3 4 5 6 8 10 11 13 14 16 17 18 20 | 20.0
Fighting       | 5 6 7 9 10 12 13 17 19 20 22 25 26 27 | 27.0
Dodging        | 3 4 5 9 10 14 | 14.0
Armour         | 4 6 7 8 10 13 17 18 20 27 | 27.0
Shields        | 6 8 9 13 15 20 | 20.0
Spellcasting   | 5 |  5.0
Invocations    | 6 7 13 16 | 16.0
Evocations     | 5 10 | 10.0

Action                   |  1- 3 |  4- 6 |  7- 9 | 10-12 | 13-15 | 16-18 | 19-21 | 22-24 | 25-27 || total
-------------------------+-------+-------+-------+-------+-------+-------+-------+-------+-------++-------
Melee: Flail             |    81 |       |       |       |       |       |       |       |       ||    81
       Dagger            |    17 |   342 |       |       |       |       |       |       |       ||   359
       Demon whip        |       |       |   332 |   511 |  1366 |   744 |     8 |     2 |    57 ||  3020
       Eveningstar       |       |       |       |       |       |   788 |  1319 |  1613 |  3370 ||  7090
       Sacred scourge    |       |       |       |       |       |       |       |     2 |   700 ||   702
       Kick              |       |       |       |       |       |       |       |       |    36 ||    36
Throw: Stone             |     5 |     3 |       |       |       |       |       |       |       ||     8
       Large rock        |       |       |       |     4 |       |       |       |       |       ||     4
       Throwing net      |       |       |       |       |       |       |       |     1 |     2 ||     3
Invok: Heroism           |       |       |     2 |    20 |    42 |    26 |    25 |    16 |    35 ||   166
       Finesse           |       |       |       |       |       |       |     6 |     8 |    17 ||    31
Evoke: Wand              |       |       |       |       |       |    16 |     4 |     1 |     6 ||    27
       Phial of floods   |       |       |       |       |       |       |     1 |       |       ||     1
       Phantom mirror    |       |       |       |       |       |       |     1 |       |       ||     1
       Lamp of fire      |       |       |       |       |       |       |       |       |     1 ||     1
  Use: Potion            |     1 |     3 |     2 |     3 |     2 |       |     2 |     4 |     9 ||    26
       Scroll            |       |    10 |     3 |    11 |    12 |     5 |    12 |     7 |    42 ||   102
 Stab: Sleeping          |       |     1 |       |     7 |    14 |    12 |     1 |     8 |    14 ||    57
       Distracted        |       |       |       |     1 |     1 |     5 |     1 |     1 |     1 ||    10
       Confused          |       |       |       |       |     1 |       |       |       |       ||     1
       Paralysed         |       |       |       |       |       |       |       |       |     2 ||     2
       Held in net/web   |       |       |       |       |       |       |       |       |     1 ||     1
  Eat: Chunk             |     1 |     8 |    14 |    19 |    27 |    23 |    23 |    28 |    33 ||   176
       Ration            |       |     1 |       |     1 |       |     5 |     2 |     1 |    17 ||    27
Armor: Robe              |    31 |    52 |    36 |     8 |       |       |       |       |       ||   127
       Shadow dragon sca |       |       |       |   128 |   527 |   505 |   480 |   504 |   430 ||  2574
       Pearl dragon scal |       |       |       |       |       |       |       |       |    53 ||    53
       Gold dragon scale |       |       |       |       |       |       |       |       |   632 ||   632
Dodge: Dodged            |    34 |    97 |   116 |   151 |   292 |   352 |   526 |   632 |  1433 ||  3633
Block: Shield            |    36 |   113 |   136 |   180 |   671 |  1022 |   850 |   605 |       ||  3613
       Large shield      |       |       |       |       |       |       |       |   657 |  3374 ||  4031
